 Dungeon Crawl Stone Soup version 0.18-a0-1243-g9e52518 (webtiles) character file.

163 namelastname112 the Cudgeler (level 5, -5/45 HPs)
             Began as a Draconian Gladiator on Feb 5, 2016.
             Slain by a river rat (8 damage)
             ... in a sewer.
             The game lasted 00:03:13 (2360 turns).

namelastname112 the Cudgeler (Draconian Gladiator)  Turns: 2360, Time: 00:03:13

Health: -5/45      AC:  5    Str: 19    XL:     5   Next: 20%
Magic:  14/14      EV: 13    Int: 13    God:
Gold:   105        SH:  0    Dex: 13    Spells: 0 memorised, 4 levels left

rFire  . . .     SeeInvis .     a - +0 flail
rCold  . . .     Gourm    .     (armour unavailable)
rNeg   . . .     Faith    +     (no shield)
rPois  .         Spirit   .     b - +0 hat
rElec  .         Dismiss  .     (no cloak)
rCorr  .         Reflect  .     (no gloves)
SustAt .         Harm     .     (no boots)
MR     .....                    k - amulet of faith
Stlth  +.........               i - +2 ring of strength
                                f - ring of magical power

@: brilliant, not resistant to hostile enchantments, very unstealthy
A: unfitting armour, cold-blooded, AC +5
a: no special abilities


You were in a sewer.
You were not hungry.

You visited 1 branch of the dungeon, and saw 3 of its levels.
You also visited: Sewer.

You collected 105 gold pieces.

Inventory:

Hand Weapons
 a - a +0 flail (weapon)
Missiles
 c - 3 throwing nets (quivered)
Armour
 b - a +0 hat (worn)
Jewellery
 f - a ring of magical power (left hand)
 i - a +2 ring of strength (right hand)
 k - an amulet of faith (around neck)
Wands
 x - a wand of digging (9/24)
Scrolls
 e - 5 scrolls of identify {unknown}
 j - 2 scrolls of enchant armour {unknown}
 l - a scroll of remove curse {unknown}
 o - a scroll of teleportation {unknown}
 p - a scroll of blinking {unknown}
 s - a scroll of enchant weapon {unknown}
 w - a scroll of immolation {unknown}
Potions
 g - a potion of haste {unknown}
 h - a potion of curing {unknown}
 r - a potion of heal wounds {unknown}
 t - a potion of poison {unknown}
 u - a potion of agility {unknown}
 v - a potion of ambrosia {unknown}
Books
 n - a book of Alchemy

   Spells                             Type                      Level
   a - Sublimation of Blood           Necromancy                   2
   b - Ignite Poison                  Fire/Transmutation/Poison    3
   c - Condensation Shield            Ice                          4
   d - Petrify                        Transmutation/Earth          4
   e - Alistair's Intoxication        Transmutation/Poison         5
   f - Irradiate                      Conjuration/Transmutation    5
Comestibles
 d - 2 bread rations
 m - 2 chunks of flesh


   Skills:
 + Level 3.5 Fighting
 * Level 4.4 Maces & Flails
 + Level 2.5 Throwing
 + Level 3.2 Dodging


You had 4 spell levels left.
You didn't know any spells.

Dungeon Overview and Level Annotations

Branches:
Dungeon (3/15)

Altars:
Dithmenos
Makhleb
Ru


Innate Abilities, Weirdness & Mutations

Your plain brown scales are hard (AC +5).
Your body does not fit into most forms of armour.
You are cold-blooded and may be slowed by cold attacks.


Message History

Your unstable footing causes you to fumble your attack.
The river rat barely misses you. The river rat bites you.
The river rat bites you but does no damage.
The river rat completely misses you. The river rat bites you.
The river rat bites you!
* * * LOW HITPOINT WARNING * * *
The river rat bites you.
* * * LOW HITPOINT WARNING * * *
The river rat bites you.
* * * LOW HITPOINT WARNING * * *
The river rat bites you.
* * * LOW HITPOINT WARNING * * *
The river rat bites you.
* * * LOW HITPOINT WARNING * * *
Drink which item? (? for menu, Esc to quit)
It was a potion of brilliance.
You feel clever all of a sudden.
The river rat bites you but does no damage.
The river rat bites you!
You die...

≈÷≈≈#
#≈≈≈≈≈≈#
≈≈≈≈#
#≈≈≈≈≈≈#
≈≈≈≈#
#≈≈≈≈≈≈#
≈≈≈≈#
#≈≈≈≈≈≈#
≈≈≈≈#
#≈≈≈≈≈≈#
≈≈≈≈#
#≈≈≈≈≈≈#
≈≈≈≈#
#≈≈≈≈≈≈#
≈≈≈≈#
#≈≈≈≈≈≈#
≈≈≈≈#
#≈≈≈r@≈#
≈≈≈≈#
#≈≈≈rr≈#
≈≈≈≈#
#≈≈≈r≈≈#
≈≈≈≈#
#≈≈r≈≈≈#
≈≈≈≈#
#≈≈r≈≈≈#
≈≈≈≈#
#≈≈rr≈≈#
.≈.≈#
#..≈≈.≈#
....#
#......#
∩∩..#
##......


You could see 3 river rats and 5 rats.

Vanquished Creatures
  A worker ant (D:3)
  A gnoll (D:1)
  6 adders
  A river rat (D:3)
  An ooze (D:1)
  5 giant geckos
  An orc (D:3)
  4 ball pythons
  A giant cockroach (D:3)
  3 goblins (D:1)
  9 hobgoblins
  3 kobolds
  A quokka (D:2)
  5 bats
  6 giant newts
  12 rats
60 creatures vanquished.

Notes
Turn   | Place    | Note
--------------------------------------------------------------
     0 | D:1      | namelastname112 the Draconian Gladiator began the quest for the Orb.
     0 | D:1      | Reached XP level 1. HP: 17/17 MP: 1/1
   138 | D:1      | Reached XP level 2. HP: 16/25 MP: 2/2
   419 | D:1      | Reached XP level 3. HP: 26/30 MP: 3/3
   778 | D:2      | Reached XP level 4. HP: 28/37 MP: 4/4
  1058 | D:2      | Reached skill level 4 in Maces & Flails
  1639 | D:3      | Found a sacrificial altar of Ru.
  1656 | D:3      | Found a shadowy altar of Dithmenos.
  1659 | D:3      | Found a burning altar of Makhleb.
  2024 | D:3      | Reached XP level 5. HP: 39/45 MP: 5/5
  2266 | D:3      | Found a glowing drain.
  2279 | Sewer    | Entered a sewer
  2360 | Sewer    | Slain by a river rat

Vault maps used:
D:1:      minmay_arrival_doors
D:2:      serial_co_window_serial, co_window_paths_a, co_window_corner_a,
          co_window_paths_b, co_window_corner_a, co_window_paths_b,
          co_window_of_opportunity_a, co_window_corner_a, co_window_broadway_c,
          co_window_corner_b, co_window_2corner, co_window_4corner_b,
          glass_columns_a, hangedman_decor_riveting
D:3:      cheibriados_altar_1, grunt_temple_overflow_open,
          gup_sewer_entry_bubbles
Sewer:    sewer_minmay_w

Action                   |  1- 3 |  4- 6 || total
-------------------------+-------+-------++-------
Melee: Flail             |    75 |   103 ||   178
  Use: Potion            |       |     1 ||     1
 Stab: Sleeping          |     1 |     5 ||     6
  Eat: Chunk             |       |     2 ||     2
       Pizza             |       |     1 ||     1
       Beef jerky        |       |     1 ||     1
